AoeStats
← builder

Arabia

504193030Analyzed
1v1 RM · 29d ago on Sep 4, 2026· 49m 17s· 2 players
Game mode
Random Map
Map size
Tiny (2 player)
Population
200
Speed
Normal
Resources
Standard
Victory
Conquest
Starting age
Dark Age
Ending age
Imperial Age
RankedLock teamsTeams togetherTeam positionsShared explorationLock speedFull tech treeHidden civsTurbo modeCheats
Victory
Defeat
🇨🇳 Spanish · China
838
+16
🇬🇧 Ethiopians · United Kingdom
837
-16
ck
7:41 Loom
9:28 Feudal Age
9:44 Loom
9:58 Double-Bit Axe
12:12 Fletching
15:38 Horse Collar
22:07 Castle Age
21:40 Wheelbarrow
20:51 Town Watch
21:20 Padded Archer Armor
21:45 Gold Mining
22:36 Crossbowman
23:22 Thumb Ring
23:24 Bodkin Arrow
25:14 Bow Saw
25:07 Heavy Plow
30:13 Ballistics
31:44 Gold Shaft Mining
31:23 Scale Mail Armor
34:25 Imperial Age
36:08 Chemistry
35:10 Bracer
34:33 Arbalester
builder
8:30 Loom
10:56 Feudal Age
12:19 Double-Bit Axe
15:01 Castle Age
13:21 Horse Collar
15:53 Wheelbarrow
22:47 Bow Saw
24:29 Stone Mining
24:30 Gold Mining
24:54 Fletching
26:34 Stone Shaft Mining
26:08 Murder Holes
28:42 Hand Cart
31:48 Imperial Age
29:55 Masonry
29:36 Guard Tower
31:50 Town Watch
32:06 Bodkin Arrow
32:20 Heavy Plow
32:53 Supremacy
32:04 Sappers
33:12 Conscription
38:10 Keep
37:20 Arrowslits
38:37 Chemistry
44:15 Scale Barding Armor
44:20 Forging
44:11 Bracer
44:43 Cavalier
45:24 Husbandry
45:34 Bloodlines
45:46 Chain Barding Armor
46:34 Iron Casting
46:21 Paladin
47:38 Plate Barding Armor
50:29 Blast Furnace
Connection lost

Rejoining the realm…

Still unreachable

The connection could not be restored.

Session expired

The server has moved on; the page needs a fresh start.